Map: Berlingrad LE

Players

Kaynen - Winner!

  • Race: Zerg Zerg
  • League: Gold
  • Spawn Location: 11:00

Tebz

  • Race: Terran Terran
  • League: Gold
  • Spawn Location: 5:00

VOD

Have the link to the VOD?

Description

Terran can macro!

Time

  • Played on: July 9, 2022, 8:51 p.m.
  • Length: 14:02
Show
View Real Time Build Order
Export as new Build Order

Kaynen Zerg - Winner!

Build Orders: Hatch First 

Get SALT Encoding   

  12  0:00  Drone  
  13  0:12  Overlord  
  13  0:17  Drone  
  14  0:31  Drone x2  
  16  0:50  Hatchery  
  16  0:52  Drone  
  16  0:55  Drone  
  17  0:58  Drone  
  18  1:04  Extractor  
  17  1:15  Spawning Pool  
  17  1:17  Drone  
  17  1:20  Drone  
  18  1:28  Drone  
  19  1:38  Overlord  
  19  2:02  Zergling x4  
  19  2:03  Queen  
  19  2:04  Queen  
  19  2:08  Metabolic Boost  
  25  2:13  Drone x2  
  27  2:17  Drone  
  28  2:24  Drone x2  
  30  2:32  Overlord  
  30  2:39  Overlord  
  30  2:52  Drone x2  
  32  2:59  Drone x2  
  32  3:05  Roach Warren  
  33  3:07  Drone  
  34  3:17  Drone x4  
  38  3:21  Hatchery  
  38  3:26  Evolution Chamber  
  36  3:28  Lair  
  36  3:33  Drone x2  
  36  3:34  Drone  
  39  3:36  Drone  
  39  3:38  Drone  
  41  3:43  Drone  
  42  3:51  Overlord x2  
  42  3:52  Overlord  
  42  4:03  Roach x4  
  50  4:11  Extractor  
  50  4:13  Spore Crawler  
  50  4:15  Extractor  
  47  4:21  Spore Crawler  
  47  4:22  Spore Crawler  
  47  4:23  Queen  
  47  4:27  Drone x4  
  51  4:39  Extractor  
  51  4:41  Spore Crawler, Drone  
  51  4:42  Drone x3, Spore Crawler  
  54  4:52  Roach  
  54  4:53  Roach x4  
  54  4:56  Drone  
  63  5:02  Drone x3  
  66  5:15  Queen  
  66  5:19  Baneling Nest, Roach x3  
  73  5:24  Drone x3  
  76  5:31  Zerg Missile Weapons Level 1, Glial Reconstitution  
  76  5:40  Drone  
  76  5:42  Roach x2  
  81  5:44  Overlord  
  81  5:46  Overlord  
  81  5:52  Overseer  
  83  6:04  Roach x6  
  83  6:06  Drone  
  83  6:07  Drone  
  83  6:08  Drone  
  96  6:18  Overlord x3  
  96  6:22  Overseer  
  96  6:30  Ravager  
  96  6:32  Ravager  
  98  6:35  Overlord x3  
  98  6:38  Ravager x4  
  101  6:48  Ravager  
  101  7:11  Roach x9  
  115  7:25  Spore Crawler  
  114  7:30  Drone x9  
  123  7:38  Overlord  
  123  7:39  Overlord x3  
  123  7:40  Centrifugal Hooks  
  123  7:42  Zergling x4  
  110  8:09  Roach x8  
  109  8:27  Roach x6  
  116  8:44  Zergling x2  
  116  8:45  Zergling x10  
  116  9:00  Extractor  
  116  9:01  Drone x3  
  116  9:02  Extractor  
  117  9:06  Overseer  
  117  9:08  Hatchery  
  116  9:29  Zerg Missile Weapons Level 2  
  116  9:33  Hatchery  
  116  9:35  Evolution Chamber  
  116  9:36  Evolution Chamber  
  116  9:37  Hydralisk Den  
  116  9:38  Hatchery  
  111  9:40  Drone x14  
  111  9:41  Drone  
  111  9:42  Spore Crawler  
  125  9:47  Ravager x8  
  125  9:48  Ravager x3  
  125  9:50  Baneling x2  
  135  10:13  Roach x11  
  147  10:21  Zergling x12  
  148  10:27  Ravager  
  154  10:40  Hatchery  
  153  10:44  Hatchery  
  153  10:46  Baneling x12  
  123  11:05  Roach x10  
  124  11:25  Roach  
  124  11:26  Roach x8  
  124  11:29  Zergling x16  
  148  11:35  Queen  
  150  12:06  Roach x12  
  150  12:07  Roach x9  
  159  12:45  Zergling x2  
  159  12:46  Zergling x48  
  159  12:47  Zergling x12  
  164  13:13  Baneling x7  
  164  13:14  Baneling x23  
  164  13:33  Infestation Pit  
Show
View Real Time Build Order
Export as new Build Order

Tebz Terran 

Build Orders:  

Get SALT Encoding   

  12  0:00  SCV  
  13  0:13  SCV  
  14  0:17  Supply Depot  
  14  0:25  SCV  
  15  0:39  SCV  
  16  0:46  Barracks  
  16  0:49  Refinery  
  16  0:51  SCV  
  17  1:03  SCV  
  18  1:13  Supply Depot  
  18  1:15  SCV  
  19  1:27  SCV  
  20  1:42  Command Center  
  20  1:44  SCV  
  21  1:49  Marine  
  22  1:58  Orbital Command  
  22  2:11  Factory  
  22  2:13  Marine  
  23  2:20  Refinery  
  23  2:25  SCV  
  24  2:37  Supply Depot, SCV  
  25  2:46  Barracks Reactor  
  25  2:50  SCV  
  25  2:51  Barracks  
  27  2:59  Supply Depot  
  27  3:02  Orbital Command  
  27  3:05  SCV  
  27  3:08  Factory Tech Lab  
  27  3:17  SCV  
  28  3:23  Starport  
  28  3:27  Refinery  
  28  3:29  SCV x2  
  30  3:41  SCV x2  
  32  3:51  Supply Depot  
  32  3:56  SCV  
  32  3:57  SCV  
  32  3:59  Marine x2  
  32  4:00  Barracks Tech Lab  
  32  4:01  Siege Tank, Starport Reactor  
  39  4:08  SCV  
  39  4:09  SCV  
  41  4:21  Engineering Bay x2, SCV x2  
  41  4:23  Supply Depot  
  43  4:26  Marine x2  
  43  4:27  Marine  
  46  4:33  SCV x2  
  48  4:41  Medivac x2  
  48  4:44  Marine x2  
  48  4:45  SCV  
  55  4:48  SCV  
  56  4:55  Refinery, Siege Tank  
  56  4:57  SCV  
  56  4:58  Terran Infantry Weapons Level 1  
  60  5:03  SCV  
  60  5:05  Marine x2  
  60  5:06  Marine  
  64  5:09  SCV  
  65  5:19  Supply Depot  
  65  5:20  SCV  
  65  5:21  Supply Depot, SCV  
  66  5:22  Stimpack  
  66  5:23  Marine x3  
  70  5:32  Barracks  
  70  5:41  Command Center, Marine x3  
  73  5:52  SCV  
  73  5:55  SCV  
  75  5:59  Marine x3  
  78  6:04  SCV  
  78  6:07  Siege Tank, SCV  
  83  6:12  Medivac x2  
  83  6:16  SCV, Marine  
  83  6:17  Marine x2  
  91  6:19  SCV  
  91  6:20  Barracks Tech Lab  
  91  6:25  Terran Infantry Armor Level 1  
  92  6:28  Armory  
  92  6:29  SCV  
  92  6:31  SCV  
  94  6:39  Combat Shield  
  94  6:45  Supply Depot  
  94  6:49  Supply Depot  
  94  6:52  SCV x2, Marine x3  
  99  6:54  Marine  
  100  7:04  SCV x2  
  96  7:10  Marine x3  
  96  7:12  Marine  
  89  7:16  Siege Tank, SCV x2  
  92  7:28  SCV, Marine x3  
  96  7:30  Marine  
  97  7:41  SCV x2  
  97  7:42  Supply Depot x2  
  99  7:44  Supply Depot  
  99  7:45  Marine x2  
  99  7:49  Orbital Command  
  101  7:53  SCV x2  
  86  8:08  SCV x2  
  81  8:21  SCV x3  
  81  8:25  Command Center  
  81  8:26  Marine x3  
  81  8:27  Marine  
  80  8:33  SCV x3  
  80  8:44  Marine x4  
  80  8:45  SCV x2  
  79  8:50  Terran Infantry Weapons Level 2  
  79  8:51  Terran Infantry Armor Level 2  
  79  8:54  Barracks x2  
  71  8:56  SCV  
  71  8:57  SCV x2  
  71  8:58  Barracks  
  71  9:02  Marine x4  
  77  9:08  SCV  
  77  9:09  SCV  
  80  9:11  Concussive Shells  
  80  9:15  Siege Tank  
  80  9:16  Medivac  
  85  9:18  SCV  
  85  9:19  Marine  
  85  9:20  SCV, Marine x3  
  85  9:21  SCV  
  90  9:37  Marine  
  90  9:38  Marine x3  
  94  9:44  Supply Depot  
  94  9:46  Supply Depot  
  94  9:47  Siege Tank, SCV x3  
  94  9:48  Command Center  
  94  9:49  Supply Depot  
  94  9:52  Barracks Tech Lab  
  100  9:53  Barracks Reactor, Barracks Tech Lab  
  100  9:55  Marine  
  100  9:56  Marauder x2, Marine  
  100  9:59  SCV x2  
  108  10:13  SCV, Marine x2  
  108  10:14  SCV  
  100  10:18  Marauder x2  
  100  10:19  Siege Tank  
  95  10:26  SCV x2  
  92  10:38  SCV x2, Marine x2  
  96  10:43  Medivac x2  
  96  10:48  Marauder x2, Marine x4  
  108  10:50  SCV x2  
  108  10:51  Siege Tank  
  108  10:57  Marauder x2, Supply Depot  
  108  11:01  Supply Depot  
  99  11:05  Marine  
  99  11:06  Marine x3  
  99  11:09  Marine x2  
  97  11:13  Medivac  
  97  11:18  Marine x2  
  96  11:19  Orbital Command  
  96  11:23  Siege Tank, SCV x2, Marine  
  96  11:24  Marine x3  
  105  11:26  Marine  
  105  11:27  Marine  
  105  11:30  Command Center  
  107  11:35  SCV x2, Marine x2  
  111  11:41  Marine  
  111  11:42  Marine x3  
  111  11:44  Marine  
  116  11:47  Barracks, SCV x3  
  116  11:50  Barracks  
  119  11:59  SCV x3  
  122  12:04  Marine  
  122  12:05  Marine x7  
  130  12:11  SCV  
  130  12:15  Refinery  
  131  12:22  Marine x5  
  131  12:29  SCV x3  
  108  12:41  SCV  
  108  12:51  SCV x3  
  90  12:53  SCV  
  80  13:03  SCV  
  80  13:05  SCV x3  
  84  13:16  Orbital Command  
  84  13:22  Barracks Reactor x2  
  84  13:29  Barracks  
  84  13:32  Barracks, Marine x3  
  84  13:33  Marine x5  
Tags
 
League
GoldGold
Matchup
TvZ
Spawn Locations
Cross Positions
Add a new tag
Caveats
  • Supply blocks, unpowered buildings, or Contaminate may cause inaccurate times.
  • Supply counts are checked every 10 seconds.